 Dungeon Crawl Stone Soup version 0.31-a0-339-gda1cbd555d (webtiles) character file.

Game seed: 12963592284706334623

3 SushiMan the Sneak (level 1, 0/13 HPs)
             Began as a Vampire Enchanter on July 20, 2023.
             Hit by a stone thrown by a kobold (2 damage)
             ... on level 2 of the Dungeon.
             The game lasted 00:01:27 (101 turns).

SushiMan the Sneak (Vampire Enchanter)               Turns: 101, Time: 00:01:27

Health: 0/13       AC:  2    Str:  7    XL:     1   Next: 41%
Magic:  3/3        EV: 12    Int: 17    God:
Gold:   6          SH:  0    Dex: 14    Spells: 4/4 levels left

rFire   . . .        a - +1 dagger
rCold   . . .        (no shield)
rNeg    . . .        b - +0 robe
rPois   .            (no helmet)
rElec   .            (no cloak)
rCorr   .            (no gloves)
SInv    +            (no boots)
Will    .....        (no amulet)
Stlth   +++          (no ring)
HPRegen 0.42/turn    (no ring)
MPRegen 0.08/turn

%: no passive effects
@: healing quickly
A: alive, fangs 3, see invisible, vampiric 1
a: Exsanguinate


You were on level 2 of the Dungeon.
You visited 1 branch of the dungeon, and saw 2 of its levels.

You collected 6 gold pieces.

Inventory:

Hand Weapons
 a - a +1 dagger (weapon)
Armour
 b - a +0 robe (worn)
Potions
 c - 2 potions of invisibility
 d - a potion of curing {unknown}


   Skills:
 + Level 0.1 Fighting
 + Level 1.1 Short Blades
 + Level 2.2 Dodging
 + Level 4.5 Stealth
 + Level 2.0 Spellcasting
 + Level 4.5 Hexes


You had 4 spell levels left.
You didn't know any spells.
Your spell library contained the following spells:

 Spells                   Type           Power      Damage    Failure   Level
 Confusing Touch          Hex            17%        N/A       9%          3
 Tukima's Dance           Hex            17%        N/A       9%          3
 Ensorcelled Hibernation  Hex/Ice        18%        N/A       12%         2
 Dazzling Flash           Conj/Hex       18%        N/A       22%         3


Dungeon Overview and Level Annotations

Branches:
Dungeon (2/15)

Altars:


Innate Abilities, Weirdness & Mutations

Your natural rate of healing is accelerated.
You have razor-sharp teeth.
You have supernaturally acute eyesight. (SInv)
You are afflicted with vampirism.


Message History

The frilled lizard bites you.
You hit the frilled lizard.
You kill the frilled lizard!
HP restored.
There is a stone staircase leading down here.
There is a stone staircase leading down here.
You climb downwards.
The endoplasm quivers.
Found a scroll labelled LUCESHO QEECLI and 13 gold pieces.
Found an escape hatch in the floor.
There is a stone staircase leading up here.
The endoplasm freezes you.
You are frozen.
You see here a scroll labelled LUCESHO QEECLI.
You hit the endoplasm.
The endoplasm is heavily wounded.
The giant cockroach closely misses you. The endoplasm hits you.
The kobold shouts!
You hit the endoplasm but do no damage.
The endoplasm is heavily wounded.
The giant cockroach closely misses you. The kobold barely misses you.
The endoplasm misses you.
You hit the endoplasm.
You kill the endoplasm!
The giant cockroach barely misses you. The kobold hits you with a +0 whip.
The giant cockroach bites you.
You closely miss the giant cockroach. The giant cockroach bites you.
You closely miss the giant cockroach. The kobold completely misses you.
The giant cockroach bites you.
You closely miss the giant cockroach. Your punch misses the giant cockroach.
You bite the giant cockroach, but do no damage.
The kobold hits you with a +0 whip.
* * * LOW HITPOINT WARNING * * *
The endoplasm hits you.
* * * LOW HITPOINT WARNING * * *
The giant cockroach bites you but does no damage.
The endoplasm hits you but does no damage.
The endoplasm attacks as you move away! The endoplasm closely misses you.
The kobold throws a stone.
The stone hits you.
You die...

#####
#####...
##......#
#.......#
###.......##
#......KB..#
.##.......#
+..@J<.>#
#.......#
#....$#...#
#.###.#####
# ..# ...#
#...# ....#


You could see an endoplasm, a giant cockroach and a kobold.

Vanquished Creatures
  2 endoplasms
  A frilled lizard (D:1)
3 creatures vanquished.

Notes
Turn   | Place    | Note
-------+----------+-------------------------------------------
     0 | D:1      | SushiMan the Vampire Enchanter began the quest for the Orb.
     0 | D:1      | Reached XP level 1. HP: 13/13 MP: 3/3
   101 | D:2      | Hit by a stone thrown by a kobold

Illustrated notes

Levels and vault maps discovered:
D:1:      lemuel_arrival_lava_pool, layout_basic
D:2:      layout_basic, uniq_jessica

Action                     || total
---------------------------++-------
  Melee: Dagger            ||    12
         Bite              ||     1
   Stab: Sleeping          ||     1
 Armour: Robe              ||     2
  Dodge: Dodged            ||    10

Table legend: (Time is in decaauts)
 A = Elapsed time spent in this place.
 B = Non-inter-level travel time spent in this place.
 C = Inter-level travel time spent in this place.
 D = Time resting spent in this place.
 E = Time spent auto-exploring this place.
 F = Levels seen in this place.
 G = Mean time per level.
                   A        B        C        D        E       F      G
               +--------+--------+--------+--------+--------+-----+--------+
         Total |    100 |     33 |     67 |      0 |      0 |   2 |   50.0 |
       Dungeon |    100 |     33 |     67 |      0 |      0 |   2 |   50.0 |
               +--------+--------+--------+--------+--------+-----+--------+

Top non-repeatable levels by time:
     D:1: 90 daAuts
     D:2: 9 daAuts
